 Dungeon Crawl Stone Soup version 0.28-a0-199-g298df9dbad (webtiles) character file.

Game seed: 17581488418424499079

39 robertstho the Skirmisher (level 3, -7/33 HPs)
             Began as a Draconian Berserker on Aug 19, 2021.
             Was a Follower of Trog.
             Mangled by Sigmund (10 damage)
             ... on level 2 of the Dungeon.
             The game lasted 00:01:32 (1435 turns).

robertstho the Skirmisher (Draconian Berserker)     Turns: 1435, Time: 00:01:33

Health: -7/33      AC:  5    Str: 18 (20) XL:     3   Next: 28%
Magic:  3/3        EV:  7    Int:  4 (7)  God:    Trog [*.....]
Gold:   43         SH:  0    Dex:  8 (10) Spells: 2/2 levels left

rFire   . . .      SeeInvis .   a - +0 falchion
rCold   . . .      Faith    .   h - +0 tower shield
rNeg    . . .      Spirit   .   (armour unavailable)
rPois   .          Reflect  .   (helmet restricted)
rElec   .          Harm     .   (no cloak)
rCorr   .          Rampage  .   (no gloves)
Will    .....                   (no boots)
Stlth   +.........              (no amulet)
HPRegen 0.11/turn               (no ring)
MPRegen 0.08/turn               (no ring)

@: confused, mighty, on berserk cooldown, slowed, very slow
A: AC +5, unfitting armour, cold-blooded
a: Renounce Religion, Berserk


You were on level 2 of the Dungeon.
You worshipped Trog.
Trog was aware of your devotion.
You visited 1 branch of the dungeon, and saw 2 of its levels.

You collected 43 gold pieces.

Inventory:

Hand Weapons
 a - a +0 falchion (weapon)
Armour
 h - a +0 tower shield (worn)
Scrolls
 b - 3 scrolls of enchant armour {unknown}
 e - a scroll of identify {unknown}
 g - a scroll of brand weapon {unknown}
Potions
 d - a potion of might


   Skills:
 + Level 3.9 Fighting
 + Level 3.4 Long Blades
 + Level 3.2 Dodging


You had 2 spell levels left.
You didn't know any spells.
Your spell library was empty.

Dungeon Overview and Level Annotations

Branches:
Dungeon (2/15)

Altars:

Shops:
D:1 =

Annotations:
D:1 457 ring
D:2 Sigmund


Innate Abilities, Weirdness & Mutations

Your plain brown scales are hard. (AC +5)
You cannot fit into any form of body armour.
You are cold-blooded and may be slowed by cold attacks.


Message History

You feel yourself moving faster!
You feel mighty! Sigmund completely misses you.
You closely miss Sigmund.
Your tail-slap misses Sigmund.
Sigmund is lightly wounded.
You barely miss Sigmund.
Sigmund is lightly wounded.
Sigmund laughs darkly.
Sigmund gestures wildly while chanting.
Sigmund flickers and vanishes!
Deactivating autopickup; reactivate with Ctrl-A.
You miss something. Something hits you but does no damage.
You miss something.
You hear a zap.
A puff of flame appears from out of thin air!
The puff of flame hits you.
You miss something.
You hear some strange, mumbled words.
You are confused.
You completely miss something.
You hear some strange, mumbled words.
You are more confused.
You bump into the rock wall.
Something hits you.
You bump into the rock wall.
You feel a strong urge to attack something.
You miss something.
Your tail-slap misses something.
You are no longer berserk.
You are exhausted.
You feel yourself slow down.
You hear a zap.
A puff of flame appears from out of thin air!
The puff of flame hits you!
* * * LOW HITPOINT WARNING * * *
You are too confused!
Okay, then.
You are too confused!
Okay, then.
You hear some strange, mumbled words.
You are more confused.
You bump into the rock wall.
Something hits you!
You die...

#...........#
##.########.# #.# ..##.#
#.# #.##.# ## #.#
#.#.##.# .. #.# #.#.##.#
.# #...... #.#
#.#{##.#..####...... #.#
#.#.##.#............ #.#
#.#@##...#####...... #.#
#.#...............#
#.###.############....#
#............# #....##
#####....###.#####......
#..................#
#.##.##....<.##....#
#.##.##......##....#
#.##.##......##.....


There were no monsters in sight!

Vanquished Creatures
  2 gnolls (D:2)
  A dart slug (D:1)
  A ball python (D:1)
  4 goblins (D:1)
  A hobgoblin (D:1)
  A quokka (D:1)
  3 bats (D:1)
  2 frilled lizards (D:1)
  3 kobolds (D:1)
  2 rats (D:1)
20 creatures vanquished.

Notes
Turn   | Place    | Note
-------+----------+-------------------------------------------
     0 | D:1      | robertstho the Draconian Berserker began the quest for the
                  | Orb.
     0 | D:1      | Reached XP level 1. HP: 19/19 MP: 1/1
   261 | D:1      | Found a faded altar of an unknown god.
   299 | D:1      | Reached XP level 2. HP: 26/26 MP: 2/2
   690 | D:1      | Found Extoeg's Jewellery Boutique.
  1191 | D:2      | Reached XP level 3. HP: 18/33 MP: 3/3
  1412 | D:2      | Noticed Sigmund
  1435 | D:2      | Mangled by Sigmund

Illustrated notes

Levels and vault maps discovered:
D:1:      dpeg_arrival_stone_temple_mockup, layout_basic, serial_shops, shop,
          ebering_ecumenical_altar_petrified, roderic_lattice_a
D:2:      layout_basic, guppyfry_early_orc_mine, uniq_sigmund, uniq_jessica

Skill      XL: |  1  2 |
---------------+-------+-----
Dodging        | 3 |  3.2
Fighting       | |  3.9
Long Blades    | |  3.4

Action                   || total
-------------------------++-------
Melee: Falchion          ||    68
       Tailslap          ||     6
Invok: Berserk           ||     3
  Use: Potion            ||     3
Armor: Skin              ||    21
Dodge: Dodged            ||    48
Block: Tower shield      ||     2
       Rpst.: Falchion   ||    15

Table legend: (Time is in decaauts)
 A = Elapsed time spent in this place.
 B = Non-inter-level travel time spent in this place.
 C = Inter-level travel time spent in this place.
 D = Time resting spent in this place.
 E = Time spent auto-exploring this place.
 F = Levels seen in this place.
 G = Mean time per level.
                   A        B        C        D        E       F      G
               +--------+--------+--------+--------+--------+-----+--------+
         Total |   1472 |   1396 |     76 |    208 |   1001 |   2 |  736.0 |
       Dungeon |   1472 |   1396 |     76 |    208 |   1001 |   2 |  736.0 |
               +--------+--------+--------+--------+--------+-----+--------+

Top non-repeatable levels by time:
     D:1: 1343 daAuts
     D:2: 129 daAuts
